 Dungeon Crawl Stone Soup version 0.24.0-37-gcf1ca852f1 (webtiles) character file.

Game seed: 12034490846735589179, levelgen mode: deterministic

761 theswoord the Cruncher (level 7, -2/50 HPs)
             Began as a Demonspawn Gladiator on Nov 23, 2019.
             Slain by an ice beast (14 damage)
             ... on level 5 of the Dungeon.
             The game lasted 00:04:59 (3364 turns).

theswoord the Cruncher (Demonspawn Gladiator)       Turns: 3364, Time: 00:05:00

Health: -2/50      AC:  5    Str: 17    XL:     7   Next: 51%
Magic:  7/7        EV: 13    Int:  9    God:
Gold:   221        SH:  0    Dex: 19    Spells: 6/6 levels left

rFire    . . .     SeeInvis +   a - +0 quarterstaff
rCold    . . .     Gourm    .   (shield currently unavailable)
rNeg     . . .     Faith    .   b - +0 leather armour
rPois    .         Spirit   .   c - +0 helmet
rElec    .         Reflect  .   l - +0 cloak
rCorr    .         Harm     .   (no gloves)
MR       .....                  (no boots)
Stlth    ++........             i - amulet of the acrobat
HPRegen  0.16/turn              h - ring of see invisible
MPRegen  0.10/turn              n - +3 ring of dexterity

@: studying Axes
A: talons 1, thin skeletal structure 1
a: no special abilities


You were on level 5 of the Dungeon.
You were not hungry.

You visited 1 branch of the dungeon, and saw 5 of its levels.

You collected 221 gold pieces.

Inventory:

Hand Weapons
 a - a +0 quarterstaff (weapon)
Missiles
 d - 2 throwing nets (quivered)
Armour
 b - a +0 leather armour (worn)
 c - a +0 helmet (worn)
 l - a +0 cloak (worn)
Jewellery
 h - a ring of see invisible (left hand)
 i - an amulet of the acrobat (around neck)
 n - a +3 ring of dexterity (right hand)
Scrolls
 e - 3 scrolls of teleportation
 m - a scroll of random uselessness {unknown}
 o - a scroll of amnesia {unknown}
 p - a scroll of identify
Potions
 j - a potion of brilliance
Books
 g - a manual of Axes
Comestibles
 f - 6 rations
 k - 11 chunks of flesh


   Skills:
 - Level 2.0 Fighting
 + Level 8.2 Staves
 - Level 1.7 Throwing
 - Level 2.6 Dodging


You had 6 spell levels left.
You didn't know any spells.
Your spell library was empty.

Dungeon Overview and Level Annotations

Branches:
Dungeon (5/15)
 Temple: D:4-7

Altars:
Hepliaklqana


Innate Abilities, Weirdness & Mutations

You have sharp toenails.
You have a somewhat thin skeletal structure. (Dex +2, Stealth)


Message History

You hit the ice beast but do no damage. Your kick misses the ice beast.
The ice beast is heavily wounded.
The ice beast hits you but does no damage.
You sock the ice beast!
The ice beast is almost dead.
The ice beast hits you. The ice beast freezes you!
You hit the ice beast. Your kick misses the ice beast.
The ice beast is almost dead.
The ice beast hits you.
* * * LOW HITPOINT WARNING * * *
The ice beast freezes you!
* * * LOW HITPOINT WARNING * * *
You completely miss the ice beast.
The ice beast is almost dead.
You barely miss the ice beast. Your kick misses the ice beast.
The ice beast is almost dead.
The ice beast hits you.
* * * LOW HITPOINT WARNING * * *
The ice beast freezes you!
You die...

#..# ######..#
#.Y.....#
####@###...# #.#
#......#...# ...#
##.#.#.#...####..#
#.#.#.#.........#
#.#.#.#..#.#...#
#.#.#.#<#......#
#.#.#.#.#.#.##.#
#.#.#.#.#......#
#.#.#.#.#.#.######


You could see an ice beast.

Vanquished Creatures
  A phantom (D:4)
  An ogre (D:4)
  2 centaurs (D:4)
  A scorpion (D:4)
  A centaur zombie (D:4)
  2 centaur skeletons (D:4)
  2 orc wizards
  An iguana (D:4)
  A worker ant (D:4)
  A hound skeleton (D:4)
  3 gnolls (D:2)
  4 adders
  3 worms
  6 dart slugs
  2 leopard geckos
  4 orcs
  9 bats
  4 giant cockroaches
  8 goblins
  11 hobgoblins
  6 jackals (D:2)
  6 kobolds
  2 quokkas
  2 ball pythons
  7 frilled lizards
  7 rats
97 creatures vanquished.

Notes
Turn   | Place    | Note
-------+----------+-------------------------------------------
     0 | D:1      | theswoord the Demonspawn Gladiator began the quest for the
                  | Orb.
     0 | D:1      | Reached XP level 1. HP: 16/16 MP: 1/1
    44 | D:1      | Reached skill level 3 in Staves
   422 | D:1      | Gained mutation: You have a somewhat thin skeletal
                  | structure. (Dex +2, Stealth) [demonic ancestry]
   422 | D:1      | Reached XP level 2. HP: 18/22 MP: 2/2
   721 | D:1      | Gained mutation: You have sharp toenails. [demonic
                  | ancestry]
   721 | D:1      | Reached XP level 3. HP: 27/27 MP: 3/3
   929 | D:2      | Reached skill level 4 in Staves
   992 | D:2      | Reached XP level 4. HP: 17/33 MP: 4/4
  1796 | D:3      | Reached skill level 5 in Staves
  2028 | D:3      | Found a hazy altar of Hepliaklqana.
  2126 | D:3      | Reached XP level 5. HP: 34/38 MP: 5/5
  2272 | D:4      | Reached skill level 6 in Staves
  2451 | D:4      | Reached XP level 6. HP: 44/44 MP: 6/6
  2757 | D:4      | Reached skill level 7 in Staves
  2944 | D:4      | Reached XP level 7. HP: 43/50 MP: 7/7
  3149 | D:4      | Reached skill level 8 in Staves
  3294 | D:5      | Entered Level 5 of the Dungeon
  3364 | D:5      | Slain by an ice beast

Skill      XL: |  1  2  3  4  5  6  7 |
---------------+----------------------+-----
Staves         | 3 4 5 6 7 8 |  8.2
Fighting       | |  2.0
Throwing       | |  1.7
Dodging        | |  2.6

Action                   |  1- 3 |  4- 6 |  7- 9 || total
-------------------------+-------+-------+-------++-------
Melee: Quarterstaff      |    95 |   157 |    24 ||   276
       Kick              |     8 |    56 |     9 ||    73
Throw: Throwing net      |       |       |     1 ||     1
  Use: Scroll            |     2 |     6 |     1 ||     9
       Potion            |       |     1 |     2 ||     3
 Stab: Sleeping          |     5 |     7 |       ||    12
       Invisible         |       |       |     2 ||     2
       Distracted        |       |       |     1 ||     1
  Eat: Chunk             |       |     7 |     1 ||     8
Armor: Leather armour    |    26 |    44 |     6 ||    76
Dodge: Dodged            |    56 |    85 |     5 ||   146

Levels and vault maps discovered:
D:1:      minmay_arrival_arboretum_small, layout_basic
D:2:      layout_basic
D:3:      lemuel_upstairs_altar, layout_basic, lemuel_round_altar
D:4:      layout_basic, first_ration, minmay_manual_mares
D:5:      layout_basic, minmay_overflow_temple_hex
